[ AOE2 MATCH · #507312392 ]
UnrankedPersians vs Tupi
Player's team · LOSS
Rival team · WIN
[ REPLAY ANALYSIS · EXTRACTED FROM THE RECORDED GAME ]
Feudal
9:27
Castle
21:05
Imperial
—
| APM avg | 63.4 |
| APM peak | 123 |
| eAPM avg | 28.5 |
| Villagers / military | 99 / 78 |
Focus
⚔️ 33.3% · 🌾 66.7%
Archer ×47 · Cavalry Archer ×26 · Scout Cavalry ×5
Feudal
12:36
Castle
23:48
Imperial
—
| APM avg | 42.9 |
| APM peak | 69 |
| eAPM avg | 28.8 |
| Villagers / military | 85 / 0 |
Focus
⚔️ 53.3% · 🌾 46.7%
Unknown (2550) ×169
Match map
Initial resources + every placement click. Lines = walls · curves = elevation contours. ◆ gold · ⬟ stone · ● berries · ✦ relic · ◌ wall gap
Your base· ✓ Closed at 21:05 · 30t walls · no gate
nC_Future's base· ✓ Closed at 23:48 · 56t walls · 2 gate(s)
Smoothed initial terrain · ◌ = detected wall gap · hover for details
Inputs per minute
— Joselu9710 - - nC_Future
Build order — Joselu9710
First 150 of 275 actions detected
| 0:00 | Queue | Villager (Male) |
| 0:00 | Queue | Villager (Male) |
| 0:01 | Build | House |
| 0:02 | Build | House |
| 0:08 | Queue | Villager (Male) |
| 0:08 | Queue | Villager (Male) |
| 0:15 | Queue | Villager (Male) |
| 1:29 | Queue | Villager (Male) |
| 1:29 | Queue | Villager (Male) |
| 1:42 | Build | Lumber Camp |
| 1:57 | Queue | Villager (Male) |
| 1:58 | Queue | Villager (Male) |
| 2:15 | Queue | Villager (Male) |
| 2:52 | Queue | Villager (Male) |
| 2:53 | Queue | Villager (Male) |
| 2:53 | Queue | Villager (Male) |
| 2:57 | Queue | Villager (Male) |
| 2:57 | Queue | Villager (Male) |
| 3:50 | Queue | Villager (Male) |
| 3:53 | Queue | Villager (Male) |
| 3:58 | Queue | Villager (Male) |
| 4:18 | Build | House |
| 4:27 | Research | Loom |
| 4:27 | Research | Loom |
| 4:36 | Build | House |
| 4:56 | Build | House |
| 4:58 | Build | Palisade Wall |
| 4:59 | Queue | Villager (Male) |
| 5:01 | Queue | Villager (Male) |
| 5:28 | Queue | Villager (Male) |
| 5:50 | Queue | Villager (Male) |
| 6:07 | Build | Mill |
| 6:18 | Queue | Villager (Male) |
| 6:38 | Queue | Villager (Male) |
| 7:23 | Research | Feudal Age |
| 8:03 | Queue | Villager (Male) |
| 8:43 | Build | Barracks |
| 9:27 | Age | Feudal Age |
| 9:32 | Research | Double-Bit Axe |
| 9:40 | Build | Stable |
| 9:49 | Queue | Villager (Male) |
| 9:49 | Queue | Villager (Male) |
| 9:49 | Queue | Villager (Male) |
| 10:15 | Build | House |
| 10:18 | Build | House |
| 10:18 | Build | Palisade Wall |
| 10:22 | Build | Mill |
| 10:23 | Queue | Scout Cavalry |
| 10:23 | Queue | Scout Cavalry |
| 10:24 | Queue | Scout Cavalry |
| 10:39 | Build | Palisade Wall |
| 10:49 | Build | Farm |
| 10:50 | Build | Farm |
| 10:54 | Build | Farm |
| 11:01 | Queue | Villager (Male) |
| 11:01 | Queue | Villager (Male) |
| 11:12 | Build | Farm |
| 11:15 | Queue | Villager (Male) |
| 11:15 | Queue | Villager (Male) |
| 11:16 | Queue | Villager (Male) |
| 11:19 | Build | Farm |
| 11:38 | Build | Farm |
| 11:46 | Queue | Villager (Male) |
| 11:49 | Build | Farm |
| 12:11 | Queue | Scout Cavalry |
| 12:22 | Queue | Villager (Male) |
| 12:27 | Build | Farm |
| 12:28 | Build | Farm |
| 12:31 | Build | Farm |
| 12:38 | Build | House |
| 12:42 | Build | House |
| 12:43 | Build | Palisade Wall |
| 12:46 | Queue | Scout Cavalry |
| 12:47 | Queue | Villager (Male) |
| 13:04 | Build | Farm |
| 13:06 | Queue | Villager (Male) |
| 13:17 | Queue | Villager (Male) |
| 13:25 | Build | Farm |
| 13:38 | Build | Mining Camp |
| 13:48 | Queue | Villager (Male) |
| 13:58 | Build | House |
| 13:58 | Build | Palisade Wall |
| 14:21 | Queue | Villager (Male) |
| 14:25 | Build | Palisade Wall |
| 14:26 | Build | Palisade Wall |
| 14:27 | Build | Palisade Wall |
| 14:28 | Build | Palisade Wall |
| 14:29 | Build | Palisade Wall |
| 14:33 | Build | Palisade Wall |
| 14:34 | Build | Palisade Wall |
| 14:35 | Build | Palisade Wall |
| 14:37 | Queue | Villager (Male) |
| 14:46 | Queue | Villager (Male) |
| 15:25 | Build | Archery Range |
| 15:28 | Queue | Villager (Male) |
| 15:32 | Build | Archery Range |
| 15:39 | Build | Palisade Wall |
| 15:45 | Queue | Villager (Male) |
| 15:55 | Build | House |
| 15:57 | Build | Palisade Wall |
| 16:01 | Build | House |
| 16:05 | Queue | Villager (Male) |
| 16:11 | Queue | Archer |
| 16:32 | Queue | Villager (Male) |
| 16:36 | Queue | Archer |
| 16:47 | Queue | Archer |
| 16:54 | Build | Farm |
| 16:56 | Queue | Villager (Male) |
| 16:59 | Build | Blacksmith |
| 17:05 | Queue | Archer |
| 17:10 | Queue | Archer |
| 17:11 | Queue | Archer |
| 17:11 | Queue | Villager (Male) |
| 17:24 | Queue | Archer |
| 17:31 | Research | Fletching |
| 17:31 | Research | Fletching |
| 17:32 | Research | Fletching |
| 17:38 | Queue | Archer |
| 17:42 | Queue | Villager (Male) |
| 17:51 | Queue | Archer |
| 17:59 | Queue | Villager (Male) |
| 18:04 | Queue | Archer |
| 18:31 | Queue | Archer |
| 18:32 | Queue | Archer |
| 18:39 | Research | Castle Age |
| 18:39 | Research | Castle Age |
| 18:40 | Research | Castle Age |
| 19:05 | Build | Lumber Camp |
| 19:07 | Queue | Archer |
| 19:07 | Queue | Archer |
| 19:26 | Queue | Villager (Male) |
| 19:26 | Queue | Archer |
| 19:37 | Queue | Villager (Male) |
| 19:39 | Queue | Archer |
| 19:39 | Queue | Archer |
| 19:43 | Research | Gold Mining |
| 19:48 | Build | House |
| 19:49 | Build | House |
| 19:51 | Build | House |
| 19:54 | Build | House |
| 19:55 | Build | House |
| 19:56 | Build | House |
| 19:56 | Build | House |
| 19:56 | Build | House |
| 19:57 | Build | House |
| 20:01 | Queue | Archer |
| 20:01 | Queue | Villager (Male) |
| 20:20 | Build | Archery Range |
| 20:24 | Queue | Archer |
| 20:24 | Queue | Villager (Male) |
Build order — nC_Future
First 150 of 375 actions detected
| 0:00 | Queue | Villager (Male) |
| 0:00 | Queue | Villager (Male) |
| 0:01 | Queue | Villager (Male) |
| 0:02 | Build | House |
| 0:03 | Build | House |
| 0:22 | Build | Barracks |
| 0:24 | Queue | Villager (Male) |
| 1:21 | Queue | Villager (Male) |
| 1:52 | Queue | Villager (Male) |
| 2:23 | Queue | Villager (Male) |
| 2:26 | Queue | Unit 2550 |
| 2:54 | Queue | Villager (Male) |
| 3:06 | Queue | Unit 2550 |
| 3:15 | Build | House |
| 3:21 | Queue | Villager (Male) |
| 3:39 | Queue | Villager (Male) |
| 3:56 | Queue | Villager (Male) |
| 4:16 | Queue | Villager (Male) |
| 4:36 | Research | Loom |
| 4:44 | Queue | Unit 2550 |
| 5:04 | Build | Settlement |
| 5:11 | Queue | Villager (Male) |
| 5:39 | Queue | Villager (Male) |
| 5:53 | Queue | Villager (Male) |
| 5:55 | Queue | Villager (Male) |
| 6:16 | Queue | Villager (Male) |
| 6:47 | Build | Settlement |
| 6:51 | Queue | Villager (Male) |
| 7:07 | Build | Farm |
| 7:08 | Queue | Villager (Male) |
| 7:30 | Queue | Villager (Male) |
| 7:56 | Build | Farm |
| 7:57 | Build | Farm |
| 8:36 | Queue | Villager (Male) |
| 8:38 | Build | Farm |
| 8:48 | Build | House |
| 8:52 | Queue | Villager (Male) |
| 9:14 | Build | Farm |
| 9:15 | Queue | Villager (Male) |
| 9:25 | Queue | Villager (Male) |
| 9:31 | Build | Farm |
| 9:51 | Build | House |
| 9:57 | Build | Palisade Wall |
| 10:00 | Build | Palisade Wall |
| 10:02 | Queue | Villager (Male) |
| 10:07 | Queue | Villager (Male) |
| 10:24 | Research | Feudal Age |
| 10:39 | Build | Palisade Wall |
| 10:39 | Build | Palisade Wall |
| 10:43 | Build | Palisade Wall |
| 10:44 | Build | Palisade Wall |
| 10:45 | Build | Palisade Wall |
| 10:46 | Build | Palisade Wall |
| 10:47 | Build | Palisade Wall |
| 10:47 | Build | Palisade Wall |
| 10:56 | Queue | Unit 2550 |
| 11:15 | Build | Barracks |
| 11:18 | Build | Palisade Wall |
| 11:24 | Queue | Unit 2550 |
| 11:37 | Build | Farm |
| 11:48 | Queue | Unit 2550 |
| 11:49 | Queue | Unit 2550 |
| 11:49 | Queue | Unit 2550 |
| 11:57 | Build | Farm |
| 12:30 | Build | House |
| 12:36 | Age | Feudal Age |
| 12:37 | Research | Tech 1402 |
| 12:38 | Research | Tech 1402 |
| 12:39 | Queue | Villager (Male) |
| 12:42 | Build | Blacksmith |
| 12:51 | Build | House |
| 12:56 | Queue | Unit 2550 |
| 12:57 | Queue | Villager (Male) |
| 13:11 | Build | Farm |
| 13:15 | Queue | Villager (Male) |
| 13:18 | Queue | Unit 2550 |
| 13:22 | Build | House |
| 13:24 | Build | Palisade Wall |
| 13:29 | Research | Scale Mail Armor |
| 13:34 | Build | Farm |
| 13:48 | Queue | Villager (Male) |
| 13:51 | Queue | Unit 2550 |
| 13:54 | Build | Farm |
| 13:59 | Queue | Unit 2550 |
| 13:59 | Queue | Unit 2550 |
| 13:59 | Queue | Unit 2550 |
| 14:05 | Build | Farm |
| 14:16 | Queue | Unit 2550 |
| 14:29 | Build | House |
| 14:30 | Queue | Unit 2550 |
| 14:30 | Queue | Unit 2550 |
| 14:30 | Queue | Unit 2550 |
| 14:30 | Queue | Unit 2550 |
| 14:42 | Build | House |
| 14:46 | Build | Palisade Wall |
| 14:48 | Queue | Villager (Male) |
| 14:53 | Build | Farm |
| 15:00 | Build | Palisade Wall |
| 15:02 | Build | Palisade Wall |
| 15:03 | Queue | Villager (Male) |
| 15:12 | Queue | Villager (Male) |
| 15:17 | Build | Farm |
| 15:22 | Queue | Villager (Male) |
| 15:23 | Queue | Villager (Male) |
| 15:28 | Build | Palisade Gate |
| 15:40 | Research | Arson |
| 15:44 | Research | Forging |
| 15:49 | Build | Farm |
| 15:54 | Build | Palisade Wall |
| 15:59 | Build | Palisade Wall |
| 16:03 | Queue | Villager (Male) |
| 16:04 | Queue | Unit 2550 |
| 16:04 | Queue | Unit 2550 |
| 16:04 | Queue | Unit 2550 |
| 16:04 | Queue | Unit 2550 |
| 16:04 | Queue | Unit 2550 |
| 16:09 | Build | House |
| 16:11 | Build | House |
| 16:12 | Build | Palisade Wall |
| 16:16 | Queue | Villager (Male) |
| 16:24 | Queue | Villager (Male) |
| 16:26 | Build | Farm |
| 16:30 | Build | Palisade Gate |
| 16:35 | Build | Farm |
| 16:44 | Queue | Unit 2550 |
| 16:44 | Queue | Unit 2550 |
| 16:44 | Queue | Unit 2550 |
| 16:44 | Queue | Unit 2550 |
| 16:44 | Queue | Unit 2550 |
| 16:44 | Queue | Unit 2550 |
| 16:44 | Queue | Unit 2550 |
| 16:48 | Queue | Unit 2550 |
| 16:48 | Queue | Unit 2550 |
| 16:48 | Queue | Unit 2550 |
| 16:48 | Queue | Unit 2550 |
| 17:09 | Research | Double-Bit Axe |
| 17:23 | Queue | Villager (Male) |
| 17:30 | Queue | Villager (Male) |
| 17:41 | Build | Farm |
| 17:56 | Queue | Villager (Male) |
| 17:56 | Build | Farm |
| 18:04 | Queue | Villager (Male) |
| 18:11 | Queue | Unit 2550 |
| 18:11 | Queue | Unit 2550 |
| 18:11 | Queue | Unit 2550 |
| 18:11 | Queue | Unit 2550 |
| 18:11 | Queue | Unit 2550 |
| 18:17 | Build | House |
| 18:19 | Build | Palisade Wall |
| 18:27 | Build | House |
Match timeline
| 0:22 | nC_Future · first_building Barracks |
| 4:58 | Joselu9710 · wall_segment Palisade Wall x2 |
| 8:43 | Joselu9710 · first_building Barracks |
| 9:27 | Joselu9710 · age_up feudal |
| 9:40 | Joselu9710 · first_building Stable |
| 9:57 | nC_Future · wall_segment Palisade Wall x3 |
| 10:00 | nC_Future · wall_segment Palisade Wall x7 |
| 10:18 | Joselu9710 · wall_segment Palisade Wall x2 |
| 10:39 | nC_Future · wall_segment Palisade Wall x1 |
| 10:39 | Joselu9710 · wall_segment Palisade Wall x1 |
| 10:39 | nC_Future · wall_segment Palisade Wall x1 |
| 10:43 | nC_Future · wall_segment Palisade Wall x1 |
| 10:44 | nC_Future · wall_segment Palisade Wall x1 |
| 10:45 | nC_Future · wall_segment Palisade Wall x1 |
| 10:46 | nC_Future · wall_segment Palisade Wall x1 |
| 10:47 | nC_Future · wall_segment Palisade Wall x1 |
| 10:47 | nC_Future · wall_segment Palisade Wall x1 |
| 11:18 | nC_Future · wall_segment Palisade Wall x1 |
| 12:36 | nC_Future · age_up feudal |
| 12:43 | Joselu9710 · wall_segment Palisade Wall x1 |
| 13:24 | nC_Future · wall_segment Palisade Wall x1 |
| 13:58 | Joselu9710 · wall_segment Palisade Wall x11 |
| 14:25 | Joselu9710 · wall_segment Palisade Wall x1 |
| 14:26 | Joselu9710 · wall_segment Palisade Wall x1 |
| 14:27 | Joselu9710 · wall_segment Palisade Wall x1 |
| 14:28 | Joselu9710 · wall_segment Palisade Wall x1 |
| 14:29 | Joselu9710 · wall_segment Palisade Wall x1 |
| 14:33 | Joselu9710 · wall_segment Palisade Wall x1 |
| 14:34 | Joselu9710 · wall_segment Palisade Wall x1 |
| 14:35 | Joselu9710 · wall_segment Palisade Wall x1 |
| 14:46 | nC_Future · wall_segment Palisade Wall x3 |
| 15:00 | nC_Future · wall_segment Palisade Wall x7 |
| 15:02 | nC_Future · wall_segment Palisade Wall x4 |
| 15:25 | Joselu9710 · first_building Archery Range |
| 15:39 | Joselu9710 · wall_segment Palisade Wall x1 |
| 15:54 | nC_Future · wall_segment Palisade Wall x16 |
| 15:57 | Joselu9710 · wall_segment Palisade Wall x4 |
| 15:59 | nC_Future · wall_segment Palisade Wall x2 |
| 16:12 | nC_Future · wall_segment Palisade Wall x1 |
| 18:19 | nC_Future · wall_segment Palisade Wall x2 |
| 20:53 | nC_Future · first_market_buy 100 food |
| 21:05 | Joselu9710 · age_up castle |
| 22:31 | Joselu9710 · wall_segment Stone Wall x3 |
| 22:38 | nC_Future · wall_segment Palisade Wall x1 |
| 23:48 | nC_Future · age_up castle |
| 26:57 | Joselu9710 · wall_segment Palisade Wall x1 |
| 27:03 | Joselu9710 · wall_segment Palisade Wall x1 |
| 27:06 | Joselu9710 · wall_segment Palisade Wall x1 |
| 27:08 | Joselu9710 · wall_segment Palisade Wall x1 |
| 32:22 | Joselu9710 · resign |
[ AI ANALYSIS · 1 CREDIT ]
What really happened in this match?
Wolo.gg analyzes every decision: build order, eco, micro, common mistakes by bracket. Personalized analysis on WhatsApp or Discord in 30 seconds.
Civ guide
Persians
Perfil
Jugador #2871715